Map: Königsstrand LE

Players

Drake

  • Race: Zerg Zerg
  • League: Diamond
  • Spawn Location: 11:00

Gannibal - Winner!

  • Race: Terran Terran
  • League: Diamond
  • Spawn Location: 5:00

VOD

Have the link to the VOD?

Description

Time

  • Played on: April 6, 2019, 4:05 p.m.
  • Length: 12:35
Show
View Real Time Build Order
Export as new Build Order

Drake Zerg 

Build Orders: Hatch First 

Get SALT Encoding   

  12  0:01  Drone  
  13  0:12  Overlord  
  13  0:18  Drone  
  14  0:31  Drone x2  
  16  0:54  Drone  
  16  0:57  Drone  
  18  0:59  Hatchery  
  17  1:17  Spawning Pool  
  17  1:18  Drone x2  
  18  1:22  Extractor  
  18  1:25  Drone  
  18  1:33  Drone  
  19  1:50  Drone  
  19  1:53  Drone  
  21  2:15  Zergling x2  
  21  2:16  Zergling x2, Queen x2  
  27  2:23  Hatchery  
  26  2:37  Extractor  
  26  2:39  Overlord  
  26  2:41  Drone x2  
  26  2:42  Drone  
  29  2:51  Metabolic Boost  
  29  3:04  Drone x5  
  33  3:16  Queen  
  33  3:18  Overlord  
  35  3:34  Queen  
  35  3:37  Drone x5  
  35  3:38  Drone  
  43  3:56  Extractor, Drone x2  
  43  3:59  Zergling x2  
  43  4:00  Zergling x4  
  47  4:04  Drone  
  47  4:05  Baneling Nest  
  47  4:08  Overlord  
  47  4:22  Extractor  
  46  4:26  Overlord x2  
  46  4:33  Lair  
  46  4:40  Spore Crawler  
  45  4:47  Drone x3  
  45  4:48  Drone x3  
  45  4:50  Drone x4  
  45  4:52  Spore Crawler  
  54  4:55  Spore Crawler  
  53  5:00  Queen x2  
  53  5:03  Drone x8  
  65  5:10  Baneling x3  
  63  5:16  Zergling x6  
  65  5:27  Zergling x6  
  57  5:46  Centrifical Hooks  
  54  5:54  Drone x2  
  54  5:55  Drone x2  
  58  6:00  Drone x2  
  58  6:01  Drone x4  
  64  6:15  Zergling x6  
  65  6:23  Overlord  
  65  6:24  Overlord  
  65  6:42  Drone  
  65  6:43  Evolution Chamber, Drone  
  65  6:45  Overlord x2, Evolution Chamber  
  65  6:52  Drone x3  
  68  6:56  Zergling x4  
  68  6:57  Zergling x14  
  68  7:00  Baneling x5  
  68  7:01  Baneling x2  
  77  7:07  Drone x5  
  82  7:12  Extractor x2  
  80  7:17  Evolution Chamber  
  80  7:19  Evolution Chamber  
  74  7:36  Zerg Melee Weapons Level 1  
  74  7:37  Zerg Ground Armor Level 1, Extractor  
  74  7:39  Hatchery  
  74  7:40  Drone  
  74  7:41  Extractor, Drone x2  
  74  7:42  Drone  
  74  7:43  Drone  
  74  7:44  Drone x6  
  81  7:45  Overlord  
  81  7:46  Overlord  
  81  7:47  Overlord  
  81  7:50  Drone x3  
  87  7:51  Drone  
  87  7:58  Drone  
  89  7:59  Extractor  
  89  8:00  Drone  
  89  8:01  Drone  
  89  8:04  Drone  
  91  8:22  Overseer  
  91  8:28  Drone x2  
  91  8:29  Drone  
  91  8:30  Drone x3  
  91  8:33  Drone x3  
  91  8:34  Drone  
  101  8:38  Queen x3  
  107  8:55  Queen  
  109  9:14  Queen x2  
  112  9:27  Drone  
  112  9:28  Roach Warren  
  112  9:31  Zerg Ground Armor Level 2, Zerg Missile Weapons Level 1  
  112  9:39  Drone  
  113  9:47  Hydralisk Den  
  113  9:51  Overlord x3  
  113  9:52  Overlord x2  
  112  9:57  Drone  
  112  9:58  Infestation Pit  
  112  10:11  Roach  
  112  10:12  Roach x24  
  112  10:13  Roach  
  164  10:19  Grooved Spines  
  164  10:21  Glial Reconstitution  
  164  10:29  Drone x2  
  164  10:30  Drone  
  167  10:57  Hive  
  167  11:08  Overlord x4  
  167  11:09  Overlord  
  140  11:20  Hydralisk  
  140  11:21  Hydralisk x7  
  140  11:22  Hydralisk  
  140  11:23  Overlord x2  
  158  11:27  Roach  
  158  11:28  Roach x11  
  169  11:53  Roach x5  
  169  11:54  Roach x5  
  129  12:06  Roach  
  129  12:07  Roach x9  
Show
View Real Time Build Order
Export as new Build Order

Gannibal Terran - Winner!

Build Orders: Liberator Opening, Mech 

Get SALT Encoding   

  12  0:02  SCV  
  13  0:15  SCV  
  13  0:19  Supply Depot  
  14  0:27  SCV  
  15  0:41  SCV  
  15  0:42  Barracks  
  16  0:49  Refinery  
  16  0:53  SCV  
  17  1:05  SCV  
  18  1:17  SCV  
  19  1:29  Orbital Command  
  19  1:31  Supply Depot  
  19  1:33  Reaper  
  19  1:37  Refinery  
  20  1:57  SCV  
  21  2:06  Barracks Reactor  
  21  2:09  SCV  
  21  2:12  Command Center  
  22  2:21  SCV  
  23  2:24  Factory  
  23  2:33  SCV  
  24  2:45  Marine x2  
  24  2:46  SCV  
  28  2:58  SCV  
  28  3:10  SCV  
  28  3:24  Starport  
  28  3:26  Orbital Command  
  28  3:28  SCV  
  29  3:35  Hellion x2  
  29  3:36  Supply Depot  
  29  3:40  SCV  
  34  3:44  Barracks Tech Lab  
  34  3:49  Liberator  
  34  3:52  SCV  
  35  3:56  Hellion x2  
  35  4:01  Supply Depot  
  39  4:03  SCV  
  39  4:04  SCV  
  44  4:13  Factory  
  44  4:18  Hellion x2, SCV x2  
  50  4:24  Supply Depot  
  50  4:29  Barracks Tech Lab  
  50  4:30  SCV x2  
  52  4:32  Armory  
  52  4:42  SCV x2  
  52  4:45  Hellion x2  
  58  4:55  SCV  
  58  4:56  SCV  
  60  5:03  Command Center  
  60  5:08  SCV  
  54  5:53  SCV x2  
  56  5:58  Hellbat x2  
  60  6:05  SCV x2  
  60  6:17  Orbital Command, SCV  
  55  6:20  Hellbat x2, Siege Tank  
  55  6:24  SCV  
  63  6:26  Factory  
  63  6:27  Refinery  
  63  6:29  SCV  
  63  6:30  Refinery  
  64  6:36  SCV  
  64  6:37  Supply Depot  
  64  6:39  Armory  
  65  6:41  Hellion, Hellbat  
  65  6:42  SCV  
  65  6:43  Terran Vehicle Weapons Level 1  
  65  6:44  Infernal Pre-Igniter  
  65  6:46  Starport Reactor  
  70  6:48  SCV  
  70  6:54  SCV  
  75  7:00  Supply Depot  
  75  7:01  SCV  
  76  7:02  Hellion  
  76  7:04  Orbital Command  
  76  7:05  Supply Depot  
  76  7:06  SCV  
  79  7:12  Factory Tech Lab  
  79  7:13  SCV  
  77  7:18  SCV  
  77  7:21  Factory  
  78  7:23  Barracks Tech Lab  
  78  7:28  Supply Depot  
  70  7:37  SCV x3  
  70  7:40  Supply Depot  
  73  7:49  SCV x3  
  76  7:56  Supply Depot  
  76  8:00  Thor x2  
  76  8:01  Hellbat  
  76  8:02  Hellbat, Medivac  
  76  8:03  Medivac  
  96  8:09  Refinery  
  96  8:15  Refinery  
  96  8:23  Hellbat x2  
  96  8:25  Factory  
  96  8:26  Supply Depot  
  100  8:27  SCV x3  
  100  8:31  Terran Vehicle And Ship Armor Level 1  
  100  8:32  Smart Servos  
  103  8:39  SCV x3  
  103  8:40  Supply Depot  
  106  8:43  Hellbat, Thor  
  106  8:44  Hellbat  
  116  8:50  Supply Depot  
  116  8:51  SCV x3, Command Center  
  119  8:59  Siege Tank  
  119  9:01  Hellbat  
  124  9:05  Siege Tank  
  124  9:06  Hellbat  
  129  9:10  Medivac  
  129  9:11  Medivac  
  129  9:15  Supply Depot  
  133  9:22  Hellbat  
  135  9:26  Siege Tank  
  135  9:27  Hellbat  
  140  9:32  Hellbat  
  140  9:36  SCV x3  
  140  9:37  Siege Tank  
  148  9:43  Hellbat  
  150  9:48  Hellbat, SCV x3  
  155  9:53  Thor  
  155  9:58  Hellbat  
  163  10:00  SCV x2  
  163  10:03  SCV  
  166  10:12  SCV  
  166  10:13  Engineering Bay  
  167  10:23  Hellbat  
  167  10:24  Hellbat x3  
  175  10:36  Hellbat  
  177  10:46  Hellbat  
  177  10:49  Supply Depot  
  179  10:55  Planetary Fortress  
  179  11:02  Liberator  
  179  11:09  Hellbat x2  
  179  11:10  Thor  
  179  11:11  Thor  
  177  11:13  Supply Depot  
  186  11:30  Hellbat  
  188  11:34  Hellbat, Thor  
  188  11:36  Supply Depot  
  180  11:54  Hellbat x2  
  180  11:56  Hellbat  
  180  12:00  Supply Depot  
  183  12:02  Refinery  
  183  12:05  Refinery  
Tags
 
Add a new tag
Caveats
  • Supply blocks, unpowered buildings, or Contaminate may cause inaccurate times.
  • Supply counts are checked every 10 seconds.